 Dungeon Crawl Stone Soup version 0.27.0-1-g7a089689b8 (webtiles) character file.

Game seed: 15523313333085770208

262 jasper the Magician (level 5, -6/35 HPs)
             Began as a Demonspawn Hedge Wizard on Aug 8, 2021.
             Mangled by a gnoll sergeant (8 damage)
             ... on level 3 of the Dungeon.
             The game lasted 00:08:45 (4294 turns).

jasper the Magician (Demonspawn Hedge Wizard)       Turns: 4294, Time: 00:08:46

Health: -6/35      AC:  3    Str: 10    XL:     5   Next: 97%
Magic:  9/11       EV: 12    Int: 16    God:
Gold:   123        SH:  0    Dex: 13    Spells: 2/12 levels left

rFire    . . .     SeeInvis .   d - +1 hunting sling
rCold    . . .     Faith    .   (no shield)
rNeg     . . .     Spirit   .   b - +0 robe
rPois    .         Reflect  .   c - +0 hat
rElec    .         Harm     .   (no cloak)
rCorr    .         Rampage  .   o - +0 pair of gloves
Will     +....                  (no boots)
Stlth    ++........             (no amulet)
HPRegen  0.11/turn              g - ring of willpower
MPRegen  0.12/turn              (no ring)

@: no status effects
A: claws 1, horns 1
a: no special abilities


You were on level 3 of the Dungeon.
You visited 1 branch of the dungeon, and saw 5 of its levels.

You collected 123 gold pieces.

Inventory:

Hand Weapons
 a - a +0 dagger
 d - a +1 hunting sling (weapon)
Missiles
 f - 13 stones (quivered ammo)
Armour
 b - a +0 robe (worn)
 c - a +0 hat (worn)
 o - a +0 pair of gloves (worn)
Jewellery
 g - a ring of willpower (left hand)
Potions
 j - a potion of haste {unknown}
 k - a potion of mutation {unknown}
 l - a potion of invisibility {unknown}
 m - 4 potions of curing {unknown}
 p - a potion of ambrosia {unknown}


   Skills:
 - Level 1.7 Dodging
 - Level 1.7 Stealth
 - Level 4.0 Spellcasting
 + Level 2.4 Conjurations
 + Level 2.0 Hexes
 + Level 2.3 Summonings
 + Level 2.1 Translocations
 + Level 1.8 Fire Magic


You had 2 spell levels left.
You knew the following spells:

 Your Spells              Type           Power      Damage    Failure   Level
a - Magic Dart            Conj           40%        1d5       6%          1
b - Blink                 Tloc           N/A        N/A       11%         2
c - Call Imp              Summ           10%        N/A       10%         2
d - Slow                  Hex            9%         N/A       11%         2
e - Conjure Flame         Conj/Fire      10%        6-21      22%         3

Your spell library contained the following spells:

 Spells                   Type           Power      Damage    Failure   Level
 Mephitic Cloud           Conj/Pois/Air  5%         N/A       36%         3


Dungeon Overview and Level Annotations

Branches:
Dungeon (5/15)
 Temple: D:4-7

Altars:
The Shining One

Annotations:
D:4 exclusion: ogre
D:5 exclusion: lemure


Innate Abilities, Weirdness & Mutations

You have sharp fingernails.
You have a pair of small horns on your head.


Message History

You are too injured to fight recklessly!
Casting: Magic Dart (safe; 6% risk of failure)
Confirm with . or Enter, or press ? or * to list all spells.
Aiming: Magic Dart (safe; 6% risk of failure)
Press: ? - help, Shift-Dir - straight line, f/p - orc
Aim: an orc, wielding a +0 mace and wearing a +0 ring mail (heavily wounded, 100% to hit)
The magic dart hits the orc.
The orc is severely wounded.
The orc barely misses you.
Casting: Magic Dart (safe; 6% risk of failure)
Confirm with . or Enter, or press ? or * to list all spells.
Aiming: Magic Dart (safe; 6% risk of failure)
Press: ? - help, Shift-Dir - straight line, f/p - orc
Aim: an orc, wielding a +0 mace and wearing a +0 ring mail (severely wounded, 100% to hit)
The magic dart hits the orc but does no damage.
The orc is severely wounded.
The orc hits you with a +0 mace.
Casting: Magic Dart (safe; 6% risk of failure)
Confirm with . or Enter, or press ? or * to list all spells.
Aiming: Magic Dart (safe; 6% risk of failure)
Press: ? - help, Shift-Dir - straight line, f/p - orc
Aim: an orc, wielding a +0 mace and wearing a +0 ring mail (severely wounded, 100% to hit)
You miscast Magic Dart.
You are very lightly contaminated with residual magic.
Nothing appears to happen.
The orc hits you but does no damage.
Casting: Magic Dart (safe; 6% risk of failure)
Confirm with . or Enter, or press ? or * to list all spells.
Aiming: Magic Dart (safe; 6% risk of failure)
Press: ? - help, Shift-Dir - straight line, f/p - orc
Aim: an orc, wielding a +0 mace and wearing a +0 ring mail (severely wounded, 100% to hit)
The magic dart hits the orc.
You kill the orc!
An orc comes into view. It is wielding a +0 dagger.
Your magical contamination has completely faded away.
The orc shouts!
The orc reads a scroll.
Wisps of shadow swirl around the orc.
The gnoll sergeant hits you from afar with a +0 trident!
* * * LOW HITPOINT WARNING * * *
The gnoll sergeant hits you with a +0 trident!
You die...

#..#.....##.# #.# #..##.#####.#
#.# #...........# #.# (
####.#####.##### #.# (
#####...........# #.# (
.........#####..# #.#
.########.#......#..##########.#
(o......o......g..)............#
.(#######..#####@###############
...............#.#
..#####....###.#.# #(#
#....#<..#.# #)# #....###.#S#
#.#######..#####.#
#................#
#.#######.######.# ### ### ###


You could see a gnoll sergeant and an adder (summoned).

Vanquished Creatures
  A water moccasin skeleton (D:5)
  2 hounds (D:5)
  3 iguanas (D:5)
  2 adders
  A gnoll (D:3)
  2 dart slugs (D:2)
  3 orcs (D:3)
  4 ball pythons
  6 bats
  8 endoplasms
  A giant cockroach (D:1)
  9 goblins
  5 hobgoblins
  7 jackals
  4 kobolds
  9 frilled lizards
  2 rats (D:2)
69 creatures vanquished.

Vanquished Creatures (collateral kills)
  A quokka (D:5)
1 creature vanquished.

Grand Total: 70 creatures vanquished

Notes
Turn   | Place    | Note
-------+----------+-------------------------------------------
     0 | D:1      | jasper the Demonspawn Hedge Wizard began the quest for the
                  | Orb.
     0 | D:1      | Reached XP level 1. HP: 13/13 MP: 4/4
   371 | D:1      | Gained mutation: You have a pair of small horns on your
                  | head. [demonic ancestry]
   371 | D:1      | Reached XP level 2. HP: 19/19 MP: 0/6
   986 | D:1      | Reached skill level 4 in Spellcasting
  1053 | D:1      | Learned a level 2 spell: Blink
  1056 | D:1      | Learned a level 2 spell: Call Imp
  1059 | D:1      | Learned a level 2 spell: Slow
  1386 | D:2      | Reached XP level 3. HP: 24/24 MP: 3/8
  1394 | D:1      | Learned a level 3 spell: Conjure Flame
  1648 | D:2      | Reached skill level 1 in Translocations
  2286 | D:2      | Found a faded altar of an unknown god.
  2559 | D:2      | Reached XP level 4. HP: 30/30 MP: 10/10
  3270 | D:3      | Reached skill level 1 in Hexes
  3374 | D:3      | Noticed a gnoll sergeant
  3559 | D:4      | Noticed an ogre
  3580 | D:5      | Entered Level 5 of the Dungeon
  3593 | D:5      | Reached skill level 1 in Fire Magic
  3615 | D:5      | Gained mutation: You have sharp fingernails. [demonic
                  | ancestry]
  3615 | D:5      | Reached XP level 5. HP: 35/35 MP: 2/11
  3998 | D:5      | Noticed a lemure
  4145 | D:5      | Noticed a lemure
  4145 | D:5      | Noticed a lemure
  4294 | D:3      | Mangled by a gnoll sergeant

Illustrated notes

Levels and vault maps discovered:
D:1:      wander_arrival_desolate, layout_loops_cross, minmay_hexomino_c4
D:2:      kb_forest_paths, layout_rooms, chequers_ecumenical_altar_island
D:3:      layout_basic, tso_metal_star, nemelex_dance_club_becter,
          mainiacjoe_overflow_big_doors, minivault_14,
          kennysheep_generic_room_16, uniq_robin
D:4:      layout_gridville, uniq_eustachio
D:5:      layout_loops_ring, minmay_temple_entry_slanted, uniq_pikel

Skill      XL: |  1  2  3  4  5 |
---------------+----------------+-----
Spellcasting   | 4 |  4.0
Translocations | 1 2 |  2.1
Hexes          | 1 2 |  2.0
Fire Magic     | 1 |  1.8
Conjurations   | 2 |  2.4
Summonings     | 2 |  2.3
Dodging        | |  1.7
Stealth        | |  1.7

Action                   |  1- 3 |  4- 6 || total
-------------------------+-------+-------++-------
Melee: Dagger            |    12 |    13 ||    25
       Headbutt          |       |     1 ||     1
 Fire: Hunting sling     |    20 |    24 ||    44
 Cast: Magic Dart        |   120 |    46 ||   166
       Conjure Flame     |     1 |     5 ||     6
       Call Imp          |       |     3 ||     3
  Use: Scroll            |     2 |     4 ||     6
       Potion            |       |     3 ||     3
Armor: Robe              |     8 |     3 ||    11
Dodge: Dodged            |    39 |    18 ||    57
